 Dungeon Sprint DCSS version 0.21-a0-258-g4c0eb85 (webtiles) character file.

1460 Kidiri the Carver (level 8, -4/68 HPs)
             Began as a Demonspawn Monk on Sept 6, 2017.
             Was an Elder of Wu Jian.
             Slain by a lindwurm (7 damage)
             ... in the Dungeon (Sprint VII: "The Pits").
             The game lasted 00:05:26 (1037 turns).

Kidiri the Carver (Demonspawn Monk)                 Turns: 1037, Time: 00:05:26

Health: -4/68      AC:  5    Str: 14    XL:     8   Next: 48%
Magic:  8/8        EV: 20    Int: 15    God:    Wu Jian [****..]
Gold:   0          SH:  0    Dex: 19    Spells: 7/7 levels left

rFire    . . .     SeeInvis .   a - +2 falchion
rCold    . . .     Gourm    .   (no shield)
rNeg     . . .     Faith    .   b - +0 robe
rPois    .         Spirit   .   (no helmet)
rElec    .         Reflect  .   (no cloak)
rCorr    .         Harm     .   v - +0 pair of gloves
MR       .....     NoTele   +   u - +0 pair of boots
Stlth    +++++.....             (no amulet)
HPRegen  0.21/turn              q - +3 ring of evasion
MPRegen  0.11/turn              r - +3 ring of intelligence

@: exhausted, constricted
A: hooves 1, thin skeletal structure 2
a: Serpent's Lash, Renounce Religion


You were in the Dungeon.
You worshipped Wu Jian.
Wu Jian was greatly pleased with you.
You were not hungry.

You visited 1 branch

Inventory:

Hand Weapons
 a - a +2 falchion (weapon)
Armour
 b - a +0 robe (worn)
 u - a +0 pair of boots (worn)
 v - a +0 pair of gloves (worn)
 w - a +4 scale mail of magic resistance
Jewellery
 q - a +3 ring of evasion (left hand)
 r - a +3 ring of intelligence (right hand)
Scrolls
 i - a scroll of blinking
 k - 3 scrolls of remove curse
 l - 5 scrolls of amnesia
 m - a scroll of summoning
Potions
 d - 8 potions of curing
 e - 9 potions of heal wounds
 f - 2 potions of haste
 g - 4 potions of magic
 h - 3 potions of berserk rage
 j - 2 potions of invisibility
 s - 2 potions of might
 t - a potion of brilliance
Comestibles
 c - 8 bread rations
 n - 40 fruits
 o - 7 meat rations
 p - 3 chunks of flesh


   Skills:
 + Level 7.9 Fighting
 * Level 9.8 Long Blades
 + Level 6.4 Armour
 * Level 9.8 Dodging
 + Level 7.3 Stealth


You had 7 spell levels left.
You didn't know any spells.

Dungeon Overview and Level Annotations

Branches:
Dungeon (1/1)

Altars:
Ashenzari
Cheibriados
Dithmenos
Elyvilon
Fedhas
Gozag
Hepliaklqana
Kikubaaqudgha
Makhleb
Nemelex Xobeh
Okawaru
Qazlal
Ru
Sif Muna
Trog
Uskayaw
Vehumet
Wu Jian
Xom
Yredelemnul
Zin
The Shining One
Beogh
Jiyva
Lugonu


Innate Abilities, Weirdness & Mutations

You have large cloven feet.
You have a moderately thin skeletal structure. (Dex +4, Stealth+)


Message History

You barely miss the lindwurm.
The lindwurm is severely wounded.
You hit the lindwurm.
The lindwurm is severely wounded.
The lindwurm bites you! The lindwurm claws you.
The lindwurm closely misses you.
You attack the lindwurm from above.
You hit the lindwurm but do no damage.
The lindwurm is severely wounded.
You repeatedly attack the anaconda from above.
You closely miss the anaconda.
The anaconda is lightly wounded.
You hit the anaconda.
The anaconda is lightly wounded.
The anaconda grabs you. The anaconda bites you! The anaconda constricts you.
The anaconda bites you!
* * * LOW HITPOINT WARNING * * *
x2 The anaconda constricts you.
The lindwurm bites you!
* * * LOW HITPOINT WARNING * * *
The lindwurm claws you!
You die...

...##.......##..#
#####.......##..#
#..###########..+
#.############..#
#.#....#...[##..#
#+#....#....##..##
#%+....+..))##.§.##
#+#....#..))##.§Sk###
+.#.)..#..))##.§@§..#
#####################


You could see an anaconda and a lindwurm.

Vanquished Creatures
  Erolcha (D)
  A hippogriff (D)
  A warg (D)
  Purgy (D)
  An orc warrior (D)
  A wolf (D)
  A centaur (D)
  A quasit (D)
  A hound (D)
  A river rat (D)
  An ooze (D)
  An adder skeleton (D)
  A worm (D)
  A leopard gecko (D)
  2 orcs (D)
  2 ball pythons (D)
  A bat skeleton (D)
  A goblin (D)
  5 jackals (D)
  A quokka (D)
  3 frilled lizards (D)
29 creatures vanquished.

Notes
Turn   | Place    | Note
-------+----------+-------------------------------------------
     0 | D        | Kidiri the Demonspawn Monk began the quest for the Orb.
     0 | D        | Reached XP level 1. HP: 18/18 MP: 1/1
    60 | D        | Found a bloodstained altar of Trog.
    60 | D        | Found a deep blue altar of Sif Muna.
    60 | D        | Found a viscous altar of Jiyva.
    60 | D        | Found a hazy altar of Hepliaklqana.
    60 | D        | Found an opulent altar of Gozag.
    61 | D        | Found a glowing golden altar of the Shining One.
    61 | D        | Found a glowing silver altar of Zin.
    61 | D        | Found a basalt altar of Yredelemnul.
    61 | D        | Found a shimmering altar of Xom.
    61 | D        | Found an ornate altar of the Wu Jian Council.
    61 | D        | Found a sacrificial altar of Ru.
    61 | D        | Found a stormy altar of Qazlal.
    61 | D        | Found an iron altar of Okawaru.
    61 | D        | Found a sparkling altar of Nemelex Xobeh.
    61 | D        | Found a burning altar of Makhleb.
    61 | D        | Found a blossoming altar of Fedhas.
    61 | D        | Found a white marble altar of Elyvilon.
    61 | D        | Found a shadowy altar of Dithmenos.
    61 | D        | Found a snail-covered altar of Cheibriados.
    63 | D        | Found a radiant altar of Vehumet.
    63 | D        | Found a corrupted altar of Lugonu.
    63 | D        | Found a roughly hewn altar of Beogh.
    64 | D        | Found a hide-covered altar of Uskayaw.
    64 | D        | Found an ancient bone altar of Kikubaaqudgha.
    64 | D        | Found a shattered altar of Ashenzari.
    70 | D        | Became a worshipper of the Wu Jian Council
    70 | D        | Reached * piety under Wu Jian
    70 | D        | Reached ** piety under Wu Jian
   169 | D        | Reached skill level 1 in Armour
   184 | D        | Reached *** piety under Wu Jian
   184 | D        | Gained mutation: You have large cloven feet. [demonic ancestry]
   184 | D        | Reached XP level 2. HP: 22/24 MP: 2/2
   200 | D        | Noticed a centaur
   214 | D        | Killed a centaur
   214 | D        | Reached skill level 5 in Dodging
   214 | D        | Gained mutation: You have a somewhat thin skeletal structure. (Dex +2, Stealth) [demonic ancestry]
   214 | D        | Reached XP level 3. HP: 10/31 MP: 3/3
   214 | D        | Reached XP level 4. HP: 13/38 MP: 4/4
   433 | D        | Noticed a wolf
   435 | D        | Reached **** piety under Wu Jian
   436 | D        | Reached skill level 5 in Long Blades
   444 | D        | Reached ***** piety under Wu Jian
   449 | D        | Killed a wolf
   449 | D        | Reached skill level 5 in Fighting
   449 | D        | Reached XP level 5. HP: 33/44 MP: 5/5
   613 | D        | Noticed a warg
   613 | D        | Noticed an orc warrior
   624 | D        | Killed an orc warrior
   624 | D        | Reached skill level 5 in Stealth
   624 | D        | Reached XP level 6. HP: 42/52 MP: 6/6
   627 | D        | Killed a warg
   680 | D        | Noticed Erolcha
   687 | D        | Killed Erolcha
   687 | D        | Gained mutation: You have a moderately thin skeletal structure. (Dex +4, Stealth+) [demonic ancestry]
   687 | D        | Reached XP level 7. HP: 52/60 MP: 7/7
   687 | D        | Reached XP level 8. HP: 58/67 MP: 8/8
   844 | D        | Noticed a hippogriff
   845 | D        | Noticed Purgy
   851 | D        | Killed Purgy
   858 | D        | Killed a hippogriff
   870 | D        | Noticed a lindwurm
  1029 | D        | Noticed an anaconda
  1037 | D        | HP: 3/68 [lindwurm (8)]
  1037 | D        | Slain by a lindwurm

Vault maps used:
D:        pitsprint

Skill      XL: |  1  2  3  4  5  6 |
---------------+-------------------+-----
Long Blades    | 3 4 6 7 9 |  9.8
Dodging        | 3 5 6 7 9 |  9.8
Stealth        | 2 3 4 5 7 |  7.3
Armour         | 1 2 3 4 6 |  6.4
Fighting       | 4 5 7 |  7.9

Action                   |  1- 3 |  4- 6 |  7- 9 || total
-------------------------+-------+-------+-------++-------
Melee: Falchion          |    31 |    63 |    41 ||   135
       Kick              |     5 |    14 |       ||    19
Invok: Serpent's Lash    |       |     3 |     2 ||     5
       Heavenly Storm    |       |     2 |       ||     2
  Use: Potion            |       |     1 |       ||     1
 Stab: Sleeping          |     2 |     1 |     2 ||     5
       Distracted        |       |     1 |       ||     1
  Eat: Chunk             |       |       |     1 ||     1
Armor: Robe              |     7 |     9 |     7 ||    23
Dodge: Dodged            |    26 |    47 |    45 ||   118
       Rpst.: Falchion   |     8 |    10 |     5 ||    23

Table legend:
 A = Spawn XP
 B = Non-spawn XP
 C = Spawn XP percentage of total XP
 D = Spawn monster count
 E = Non-spawn monster count
 F = Spawn count percentage of total count
 G = Total turns spent on level
                    A         B        C        D         E        F      G
               +---------+---------+-------+---------+---------+-------+---------
         Total |       0 |    2087 |   0.0 |       0 |      29 |   0.0 |  1037
               +---------+---------+-------+---------+---------+-------+---------
             D |       0 |    2087 |   0.0 |       0 |      29 |   0.0 |  1037
               +---------+---------+-------+---------+---------+-------+---------
